 Dungeon Crawl Stone Soup version 0.18.1-48-g4cf74bf (webtiles) character file.

149 Lennu the Chiller (level 5, -3/36 HPs)
             Began as a Merfolk Ice Elementalist on July 5, 2016.
             Was an Initiate of Yredelemnul.
             Slain by Grinder (5 damage)
             ... on level 3 of the Dungeon.
             The game lasted 00:10:09 (3235 turns).

Lennu the Chiller (Merfolk Ice Elementalist)        Turns: 3235, Time: 00:10:10

Health: -3/36      AC: 11    Str: 14    XL:     5   Next: 31%
Magic:  9/9        EV:  7    Int: 20    God:    Yredelemnul [......]
Gold:   91         SH:  0    Dex: 14    Spells: 1 memorised, 9 levels left

rFire  . . .     SeeInvis .     f - +0 mace
rCold  . . .     Gourm    .     n - +2 chain mail {rPois}
rNeg   . . .     Faith    .     (no shield)
rPois  +         Spirit   .     (no helmet)
rElec  .         Dismiss  .     (no cloak)
rCorr  .         Reflect  .     k - +0 pair of gloves
SustAt .         Harm     .     (no boots)
MR     .....                    (no amulet)
Stlth  ..........               (no ring)
                                (no ring)

@: mighty, brilliant, not resistant to hostile enchantments, extremely
unstealthy
A: change form in water, swift swim
a: Renounce Religion


You were on level 3 of the Dungeon.
You worshipped Yredelemnul.
Yredelemnul was noncommittal.
You were hungry.

You visited 1 branch of the dungeon, and saw 3 of its levels.

You collected 91 gold pieces.

Inventory:

Hand Weapons
 f - a +0 mace (weapon)
Armour
 a - a +0 robe
 k - a +0 pair of gloves (worn)
 n - a +2 chain mail of poison resistance (worn)
Scrolls
 e - 6 scrolls of remove curse
 h - a scroll of noise
 m - a scroll of identify
Potions
 d - a potion of curing
 j - a potion of brilliance
Books
 b - a book of Frost

   Spells                             Type                      Level
   a - Freeze                         Ice                          1
   b - Throw Frost                    Conjuration/Ice              2
   c - Ozocubu's Armour               Charms/Ice                   3
   d - Throw Icicle                   Conjuration/Ice              4
   e - Summon Ice Beast               Ice/Summoning                4
Comestibles
 c - 2 bread rations
 g - a beef jerky
 o - 3 chunks of flesh


   Skills:
 + Level 0.9 Fighting
 + Level 0.2 Maces & Flails
 * Level 0.4 Armour
 * Level 3.3 Dodging
 + Level 3.1 Stealth
 + Level 3.0 Spellcasting
   Level 0.7 Conjurations
 + Level 4.5 Ice Magic
 * Level 0.4 Invocations


You had 9 spell levels left.
You knew the following spells:

 Your Spells              Type           Power        Failure   Level  Hunger
a - Freeze                Ice            ####         13%         1    None


Dungeon Overview and Level Annotations

Branches:
Dungeon (3/15)

Altars:
Makhleb
Sif Muna
Yredelemnul

Annotations:
D:3 Grinder, Sigmund


Message History

You writhe in agony.
* * * LOW HITPOINT WARNING * * *
You hit Grinder.
Grinder is severely wounded.
Grinder barely misses you.
You hit Grinder.
Grinder is almost dead.
Grinder hits you but does no damage.
Grinder says, "Don't move a muscle."
Grinder blinks!
Drink which item? (? for menu, Esc to quit)
It was a potion of might.
You feel very mighty all of a sudden.
You closely miss Grinder.
Grinder is almost dead.
Grinder hits you.
* * * LOW HITPOINT WARNING * * *
You writhe in agony.
You die...
Your body rises from the dead as a mindless zombie.

#.#.####### #.#.#
.# #.#.# ### .#
#.#.# #.. .# #.#.#
#.# .# #.#.# #>#
.# .. #.#.# #.# .#
#.# .
#.#.###5###.###!##
... .
#......@......$..#
..# .
#######.#########.
#.# # #........
#.# # ########.
##.# # #..###
#....s #.#### #.#
#.#


You could see Grinder.

Vanquished Creatures
  2 hounds (D:2)
  Ijyb (D:3)
  2 adders (D:2)
  An ooze (D:2)
  A worm (D:2)
  A ball python (D:1)
  2 giant cockroaches (D:2)
  8 goblins
  2 hobgoblins (D:2)
  4 jackals (D:1)
  3 bats
  3 giant newts
  7 kobolds
  5 rats
42 creatures vanquished.

Notes
Turn   | Place    | Note
--------------------------------------------------------------
     0 | D:1      | Lennu the Merfolk Ice Elementalist began the quest for the Orb.
     0 | D:1      | Reached XP level 1. HP: 13/13 MP: 3/3
   513 | D:1      | Reached XP level 2. HP: 16/19 MP: 1/5
  1580 | D:2      | Found a basalt altar of Yredelemnul.
  1589 | D:2      | Became a worshipper of Yredelemnul the Dark
  1595 | D:2      | Reached skill level 4 in Ice Magic
  1595 | D:2      | Reached XP level 3. HP: 24/24 MP: 3/6
  1661 | D:2      | Found a deep blue altar of Sif Muna.
  1674 | D:2      | Found a burning altar of Makhleb.
  1680 | D:2      | Reached XP level 4. HP: 27/31 MP: 3/7
  2502 | D:3      | Found a faded altar to an unknown god.
  2502 | D:3      | Noticed Ijyb
  2509 | D:3      | Killed Ijyb
  2766 | D:3      | Noticed Sigmund
  2926 | D:2      | Reached XP level 5. HP: 25/36 MP: 5/9
  3197 | D:3      | Noticed Grinder
  3212 | D:3      | Paralysed by Grinder for 6 turns
  3222 | D:3      | Paralysed by Grinder for 2 turns
  3235 | D:3      | Slain by Grinder

Skill      XL: |  1  2  3  4  5 |
---------------+----------------+-----
Ice Magic      | 4 |  4.5
Dodging        | 3 |  3.3
Stealth        | 3 |  3.1
Spellcasting   | 3 |  3.0
Fighting       | |  0.9
Maces & Flails | |  0.2
Armour         | |  0.4
Conjurations   | |  0.7
Invocations    | |  0.4

Action                   |  1- 3 |  4- 6 || total
-------------------------+-------+-------++-------
Melee: Mace              |    24 |    62 ||    86
 Cast: Freeze            |    17 |    22 ||    39
  Use: Scroll            |       |     4 ||     4
       Potion            |       |     3 ||     3
 Stab: Sleeping          |     6 |       ||     6
  Eat: Chunk             |     1 |     2 ||     3
       Bread ration      |     1 |       ||     1
Armor: Robe              |     7 |     2 ||     9
       Chain mail        |       |    89 ||    89
Dodge: Dodged            |    28 |    36 ||    64
